 Dungeon Crawl Stone Soup version 0.30-a0-373-gd37427bb62 (webtiles) character file.

Game seed: 12814195404006518826

7078 NinjaNoafa the Basher (level 10, -2/124 HPs)
             Began as a Minotaur Fighter on Nov 23, 2022.
             Was a High Priest of Okawaru.
             Slain by a kobold brigand
             ... wielding a +0 short sword
              (4 damage)
             ... on level 9 of the Dungeon on Nov 24, 2022.
             The game lasted 00:21:09 (9711 turns).

NinjaNoafa the Basher (Minotaur Fighter)            Turns: 9711, Time: 00:21:09

Health: -2/124     AC: 25    Str: 25    XL:     10   Next: 84%
Magic:  13/15      EV:  2    Int:  2    God:    Okawaru [*****.]
Gold:   68         SH:  6    Dex: 10    Spells: 9/9 levels left

rFire   . . .      SeeInvis .    o - +1 mace "Ticwic" {vorpal, Fragile rN++ Will+++ Int-3}
rCold   . . .      Faith    +    c - +0 buckler
rNeg    + + .      Spirit   .    (body armour currently unavailable)
rPois   +          Reflect  .    (helmet currently unavailable)
rElec   .          Harm     .    (cloak currently unavailable)
rCorr   +          Rampage  .    (gloves currently unavailable)
Will    +++..      NoTele   +    (boots currently unavailable)
Stlth   +++.......               G - amulet of faith
HPRegen 0.40/turn                a - ring of resist corrosion
MPRegen 0.14/turn                l - +4 ring of slaying

@: tree-form, heroic, attractive
A: stationary, stasis, torment immunity, boosted hp, (horns 2), (retaliatory
headbutt)
a: Renounce Religion, Heroism, Finesse, Duel


You were on level 9 of the Dungeon.
You worshipped Okawaru.
Okawaru was extremely pleased with you.
You were a tree.
You visited 3 branches of the dungeon, and saw 11 of its levels.

You collected 772 gold pieces.
You spent 704 gold pieces at shops.

Inventory:

Hand Weapons
 o - the +1 mace "Ticwic" (weapon) {vorpal, Fragile rN++ Will+++ Int-3}
   (You bought it in a shop on level 8 of the Dungeon)

   It inflicts extra damage upon your enemies.
   Int:       It affects your intelligence (-3).
   rN:        It greatly protects you from negative energy.
   Fragile:   It will be destroyed if unequipped.
   Will:      It greatly increases your willpower.
Missiles
 e - 2 boomerangs of dispersal
 k - 116 stones
 n - 25 poisoned darts
 B - a curare-tipped dart
 C - 4 javelins (quivered)
Armour
 c - a +0 buckler (worn)
 r - a +0 pair of gloves (melded)
 D - a +0 chain mail (melded)
 E - the +2 ratskin cloak (melded) {*Rats rPois rN+ Str-1 Int-1 Dex+1}
   (You found it on level 7 of the Dungeon)

   When the wearer is hurt, rats may emerge from it to assist them.
   Str:       It affects your strength (-1).
   Int:       It affects your intelligence (-1).
   Dex:       It affects your dexterity (+1).
   rPois:     It protects you from poison.
   rN:        It protects you from negative energy.
Jewellery
 a - a ring of resist corrosion (left branch)
 l - a +4 ring of slaying (right branch)
 F - the ring of Rarghiav {rElec rPois rF+ rN+++ Will-}
   (You found it on level 8 of the Dungeon)

   [ring of protection from fire]

   rF:        It protects you from fire.
   rElec:     It insulates you from electricity.
   rPois:     It protects you from poison.
   rN:        It renders you almost immune to negative energy.
   Will:      It decreases your willpower.
 G - an amulet of faith (around neck)
Scrolls
 f - 2 scrolls of fear {unknown}
 g - 2 scrolls of enchant weapon {unknown}
 h - 3 scrolls of poison
 m - 2 scrolls of blinking {unknown}
 q - 4 scrolls of butterflies {unknown}
 t - 3 scrolls of enchant armour {unknown}
 u - 2 scrolls of acquirement {unknown}
 v - a scroll of amnesia {unknown}
 w - 3 scrolls of magic mapping
 x - 2 scrolls of immolation {unknown}
 y - a scroll of noise {unknown}
 z - 3 scrolls of vulnerability {unknown}
 A - a scroll of teleportation {unknown}
Potions
 b - 2 potions of brilliance
 d - a potion of mutation
 i - 4 potions of haste
 j - a potion of invisibility
 p - 5 potions of lignification
 I - a potion of flight {unknown}


   Skills:
 - Level 6.0(11.0) Fighting
 - Level 5.7(15.5) Axes
 - Level 13.5(19.0) Maces & Flails
 + Level 5.3(10.3) Throwing
 - Level 6.0(11.0) Armour
 - Level 4.0(9.0) Shields
 * Level 8.0 Invocations


You had 9 spell levels left.
You didn't know any spells.
Your spell library contained the following spells:

 Spells                   Type           Power      Damage    Failure   Level
 Apportation              Tloc           0%         N/A       63%         1
 Shock                    Conj/Air       0%         1d3       63%         1
 Cigotuvi's Dreadful Rot  Necr/Pois/Air  0%         N/A       77%         2
 Sublimation of Blood     Necr           0%         N/A       77%         2
 Swiftness                Air            0%         N/A       94%         3
 Airstrike                Air            0%         2d(0-16)  100%        4
 Dispel Undead            Necr           0%         3d6       100%        4
 Petrify                  Tmut/Erth      0%         N/A       100%        4
 Irradiate                Conj/Tmut      0%         3d11      100%        5
 Death Channel            Necr           Unusable   N/A       N/A         6

Dungeon Overview and Level Annotations

Branches:
Dungeon (9/15)             Temple (1/1) D:5            Lair (1/5) D:8
    Orc: D:9-12

Altars:
Ashenzari
Cheibriados
Dithmenos
Elyvilon
Fedhas
Hepliaklqana
Kikubaaqudgha
Okawaru
Qazlal
Ru
Sif Muna
Trog
Uskayaw
Vehumet
Wu Jian
Xom
Yredelemnul
The Shining One

Shops:
D:6 (   D:8 !=((


Innate Abilities, Weirdness & Mutations

You are a tree.
Your roots penetrate the ground, keeping you stationary.
You cannot be teleported.
You are immune to unholy pain and torment.
Your maximum health is greatly increased.
Your equipment is partially melded.
((You have a pair of horns on your head.))
((You reflexively headbutt those who attack you in melee.))


Message History

* * * LOW HITPOINT WARNING * * *
The kobold brigand hits you but does no damage. x2
The kobold brigand hits you with a +0 short sword.
* * * LOW HITPOINT WARNING * * *
The kobold demonologist closely misses you.
The smoke demon closely misses you. You furiously retaliate!
You headbutt the smoke demon. The smoke demon closely misses you.
The smoke demon hits you.
* * * LOW HITPOINT WARNING * * *
Really quaff the potion of lignification?
You turn into a tree.
The +2 ratskin cloak {*Rats rPois rN+ Str-1 Int-1 Dex+1} melds into your body.
Your +0 pair of gloves melds into your body.
Your +0 chain mail melds into your body.
Your roots penetrate the ground.
The smoke demon disappears in a puff of smoke!
You block the water moccasin's attack.
The water moccasin bites you but does no damage.
The white imp hits you but does no damage.
The kobold demonologist gestures wildly while chanting.
The kobold brigand hits you but does no damage.
The kobold brigand hits you with a +0 short sword.
* * * LOW HITPOINT WARNING * * *
The crimson imp hits you but does no damage.
The kobold brigand hits you but does no damage.
The smoke demon hits you.
* * * LOW HITPOINT WARNING * * *
The smoke demon hits you but does no damage.
You block the smoke demon's attack.
It was a potion of attraction.
You feel attractive to monsters. You block the water moccasin's attack.
The crimson imp hits you but does no damage.
The white imp shouts, "Embrace thy failure, thou impertinent saucy dandiprat!"
The white imp gestures at you. The puff of frost hits you!
* * * LOW HITPOINT WARNING * * *
The kobold brigand hits you but does no damage.
The kobold brigand hits you with a +0 short sword.
You die...

############
...........###
.8.......8...#
...........#.###########
#
.8.......8..............
.
.....).....###.S5K......
. .8..._...8.#
#.5♣KK....( .
....###....# #.K3K3.o...
................K54.....
........................
.########.............##
.########..##########.#
...........## .#
............. .
#####........


You could see a kobold demonologist, 2 smoke demons, a red devil (summoned), a
water moccasin, 3 kobold brigands, an orc wizard, a crimson imp (summoned), a
white imp (summoned), a shadow imp (summoned) and 2 kobolds.

Vanquished Creatures
  2 cane toads (Lair:1)
  Maggie (D:6)
  A rime drake (Lair:1)
  2 kobold demonologists (D:9)
  2 komodo dragons (Lair:1)
  Grinder (D:5)
  3 blink frogs (Lair:1)
  4 yaks (D:9)
  3 water moccasins (Lair:1)
  2 sky beasts
  An ice beast (D:7)
  An ogre (D:6)
  2 centaurs
  3 wolves (Lair:1)
  2 kobold brigands (D:7)
  A gnoll sergeant (D:8)
  4 bullfrogs
  A necrophage (D:4)
  3 scorpions
  4 wights (D:8)
  15 killer bees
  2 howler monkeys
  An iron imp (D:8)
  A hound (D:5)
  2 jellies (D:7)
  An orc priest (D:5)
  Crazy Yiuf (D:3)
  A gnoll bouda (D:8)
  Terence (D:3)
  3 iguanas
  5 orc wizards
  6 hell rats (D:7)
  13 gnolls
  3 adders
  11 river rats (D:7)
  A white imp (D:6)
  2 ufetubi
  2 worms
  2 dart slugs
  11 orcs
  4 ball pythons
  9 endoplasms
  8 goblins
  9 hobgoblins
  4 jackals (D:2)
  15 kobolds
  A quokka (D:3)
  11 bats
  4 frilled lizards (D:1)
  6 rats
198 creatures vanquished.

Vanquished Creatures (others)
  A kobold (D:9)
  A fungus (Lair:1)
2 creatures vanquished.

Grand Total: 200 creatures vanquished

Notes
Turn   | Place    | Note
-------+----------+-------------------------------------------
     0 | D:1      | NinjaNoafa the Minotaur Fighter began the quest for the
                  | Orb.
     0 | D:1      | Reached XP level 1. HP: 19/19 MP: 0/0
    87 | D:1      | Reached XP level 2. HP: 24/26 MP: 1/1
   450 | D:1      | Reached XP level 3. HP: 27/31 MP: 2/2
  1967 | D:3      | Found a faded altar of an unknown god.
  1968 | D:3      | Noticed Terence
  1976 | D:3      | Reached skill level 5 in Axes
  1978 | D:3      | Killed Terence
  1979 | D:3      | Reached XP level 4. HP: 28/39 MP: 3/3
  2178 | D:3      | Found an ancient bone altar of Kikubaaqudgha.
  2185 | D:3      | Found a shimmering blue altar of Sif Muna.
  2187 | D:3      | Found a radiant altar of Vehumet.
  2192 | D:3      | Got Sif Muna's Commentary on the Tesseract
  2237 | D:3      | Found a bloodstained altar of Trog.
  2237 | D:3      | Found a white marble altar of Elyvilon.
  2238 | D:3      | Found a blossoming altar of Fedhas.
  2372 | D:3      | Found a runed translucent door.
  2373 | D:3      | Noticed Crazy Yiuf
  2643 | D:3      | Killed Crazy Yiuf
  2746 | D:4      | Found a broken altar of Ashenzari.
  2919 | D:4      | Noticed a necrophage
  2929 | D:4      | Killed a necrophage
  2930 | D:4      | Reached skill level 2 in Maces & Flails
  2930 | D:4      | Reached XP level 5. HP: 45/46 MP: 4/4
  2976 | D:4      | Reached skill level 3 in Maces & Flails
  2986 | D:4      | Reached skill level 4 in Maces & Flails
  3219 | D:4      | Reached XP level 6. HP: 52/52 MP: 5/5
  3416 | D:5      | Entered Level 5 of the Dungeon
  3466 | D:5      | Reached skill level 5 in Maces & Flails
  3552 | D:5      | Reached skill level 6 in Maces & Flails
  3610 | D:5      | Found a hazy altar of Hepliaklqana.
  3743 | D:5      | Found a staircase to the Ecumenical Temple.
  3809 | Temple   | Entered the Ecumenical Temple
  3864 | Temple   | Became a worshipper of Warmaster Okawaru
  3883 | D:5      | Noticed Grinder
  3897 | D:5      | Killed Grinder
  3898 | D:5      | Reached skill level 7 in Maces & Flails
  3898 | D:5      | Reached XP level 7. HP: 28/59 MP: 6/6
  4224 | D:6      | Reached skill level 8 in Maces & Flails
  4364 | D:6      | Reached * piety under Okawaru
  4423 | D:6      | Found Pemnisoi's Weapon Emporium.
  4703 | D:6      | Reached skill level 9 in Maces & Flails
  4812 | D:6      | Noticed Maggie
  4813 | D:6      | Reached XP level 8. HP: 61/66 MP: 7/7
  4845 | D:6      | Killed Maggie
  4846 | D:6      | Reached skill level 10 in Maces & Flails
  5057 | D:6      | Identified the +0 ring mail of Lethargy {Str+3}
  5841 | D:7      | Found a shadowy altar of Dithmenos.
  5876 | D:7      | Reached skill level 11 in Maces & Flails
  6012 | D:7      | Reached ** piety under Okawaru
  6080 | D:7      | Reached skill level 12 in Maces & Flails
  6163 | D:7      | Found the +2 ratskin cloak {*Rats rPois rN+ Str-1 Int-1
                  | Dex+1}
  6174 | D:7      | Reached XP level 9. HP: 44/71 MP: 8/8
  6674 | D:7      | Reached skill level 13 in Maces & Flails
  6919 | D:8      | Found Zadd's Distillery.
  6927 | D:8      | Identified the +1 robe of Spite {rC+ Will+ Regen+}
  6941 | D:8      | Found a staircase to the Lair.
  6946 | D:8      | Reached *** piety under Okawaru
  7128 | D:8      | Found a snail-covered altar of Cheibriados.
  7178 | D:8      | Identified the ring of Rarghiav {rElec rPois rF+ rN+++
                  | Will-}
  7191 | D:8      | Found Duodoaza's Jewellery Shop.
  7195 | D:8      | Bought an amulet of faith for 480 gold pieces
  7218 | D:8      | Found Wetinaviss's Antique Weapon Emporium.
  7258 | D:8      | Found Disuy's Weapon Shop.
  7484 | D:8      | Reached skill level 5 in Armour
  7490 | D:8      | Reached skill level 5 in Fighting
  7676 | Lair:1   | Entered Level 1 of the Lair of Beasts
  7700 | Lair:1   | Noticed a cane toad
  7710 | Lair:1   | Killed a cane toad
  7710 | Lair:1   | Reached **** piety under Okawaru
  7711 | Lair:1   | Reached skill level 1 in Invocations
  7810 | Lair:1   | Reached skill level 1 in Throwing
  7831 | Lair:1   | Reached XP level 10. HP: 56/83 MP: 11/11
  8041 | Lair:1   | Reached ***** piety under Okawaru
  8098 | Lair:1   | Reached skill level 5 in Invocations
  8464 | Lair:1   | Noticed a cane toad
  8472 | Lair:1   | Killed a cane toad
  9022 | D:8      | Bought a dazzling mace for 224 gold pieces
  9022 | D:8      | Identified the +1 mace "Ticwic" {vorpal, Fragile rN++
                  | Will+++ Int-3} (You bought it in a shop on level 8 of the
                  | Dungeon)
  9670 | D:9      | Found a hide-covered altar of Uskayaw.
  9695 | D:9      | Noticed a smoke demon
  9701 | D:9      | Received a gift from Okawaru
  9702 | D:9      | Reached skill level 5 in Throwing
  9703 | D:9      | Noticed a smoke demon
  9704 | D:9      | Received a gift from Okawaru
  9708 | D:9      | Noticed a smoke demon
  9711 | D:9      | HP: 2/124 [white imp/puff of frost[a kobold demonologist]
                  | (11)]
  9711 | D:9      | Slain by a kobold brigand

Illustrated notes

Levels and vault maps discovered:
D:1:      saegor_arrival_simple_b, layout_basic, minmay_tetromino_t4
D:2:      layout_basic
D:3:      layout_loops_ring, grunt_temple_overflow_magic_moments,
          gammafunk_temple_overflow_forgotten, nicolae_ecumenical_pavilion,
          uniq_terence, uniq_crazy_yiuf_cottage
D:4:      layout_basic, amcnicky_altar_gilded
D:5:      layout_basic, lemuel_tele_altar, minmay_temple_entry_sparse_star,
          nicolae_titane, uniq_grinder
D:6:      layout_basic, serial_shops, nicolae_shop_bloodbath_and_beyond,
          uniq_maggie
D:7:      wander_guarded_unrand_ratskin, layout_loops_ring,
          grunt_dithmenos_smoke_and_mirrors
D:8:      layout_loops_ring, slow_altar_1, dpeg_oklobed_lair, serial_shops,
          nicolae_shop_crystal, nicolae_shop_competitors_out_of_business,
          shop_coins, nicolae_shop_crystal
D:9:      layout_long_grid, eat_drink_and_be_merry_uskayaw
Temple:   nicolae_temple_ecumenical_triangle
Lair:1:   layout_misc_corridors, grunt_megastairs_1, serial_bayou_shore_b

Skill      XL: |  1  2  3  4  5  6  7  8  9 10 |
---------------+-------------------------------+-----
Axes           | 3 4 5 |  5.7
Fighting       | 4 6 |  6.0
Armour         | 4 6 |  6.0
Maces & Flails | 2 4 7 9 12 13 | 13.5
Shields        | 4 |  4.0
Invocations    | 3 8 |  8.0
Throwing       | 2 5 |  5.3

Action                   |  1- 3 |  4- 6 |  7- 9 | 10-12 || total
-------------------------+-------+-------+-------+-------++-------
Melee: War axe           |    64 |    25 |       |       ||    89
       Headbutt          |    11 |    19 |    41 |    27 ||    98
       Mace              |       |    79 |   244 |   101 ||   424
Throw: Javelin           |       |       |    18 |     6 ||    24
       Dart              |       |       |     2 |       ||     2
Invok: Heroism           |       |       |     1 |     1 ||     2
  Use: Potion            |     1 |     1 |     7 |     3 ||    12
       Scroll            |       |       |     6 |       ||     6
Armor: Scale mail        |    41 |    42 |    24 |       ||   107
       Chain mail        |       |       |   129 |    76 ||   205
       Skin              |       |       |       |     8 ||     8
Dodge: Dodged            |    46 |    46 |    85 |    50 ||   227
Block: Buckler           |    15 |    24 |    52 |    29 ||   120

Table legend: (Time is in decaauts)
 A = Elapsed time spent in this place.
 B = Non-inter-level travel time spent in this place.
 C = Inter-level travel time spent in this place.
 D = Time resting spent in this place.
 E = Time spent auto-exploring this place.
 F = Levels seen in this place.
 G = Mean time per level.
                   A        B        C        D        E       F      G
               +--------+--------+--------+--------+--------+-----+--------+
         Total |   9688 |   9088 |    600 |      0 |   7714 |  11 |  880.7 |
       Dungeon |   8309 |   7768 |    541 |      0 |   6545 |   9 |  923.2 |
        Temple |     66 |     55 |     11 |      0 |     32 |   1 |   66.0 |
          Lair |   1311 |   1264 |     47 |      0 |   1137 |   1 | 1311.0 |
               +--------+--------+--------+--------+--------+-----+--------+

Top non-repeatable levels by time:
     D:6: 1391 daAuts
  Lair:1: 1311 daAuts
     D:2: 1154 daAuts
     D:8: 967 daAuts
     D:7: 925 daAuts
     D:3: 869 daAuts
     D:1: 831 daAuts
     D:5: 802 daAuts
     D:4: 710 daAuts
     D:9: 655 daAuts
  Temple: 66 daAuts
